 Dungeon Crawl Stone Soup version 0.28.0 (webtiles) character file.

Game seed: 2904017801021617725

248 RighteousDevil the Basher (level 5, 0/45 HPs)
             Began as a Minotaur Monk on Feb 18, 2022.
             Was an Initiate of Gozag.
             Slain by an orc (6 damage)
             ... on level 3 of the Dungeon.
             The game lasted 00:03:35 (3506 turns).

RighteousDevil the Basher (Minotaur Monk)           Turns: 3506, Time: 00:03:35

Health: 0/45       AC:  8    Str: 18    XL:     5   Next: 86%
Magic:  4/4        EV:  8    Int:  7    God:    Gozag
Gold:   501        SH:  0    Dex: 12    Spells: 4/4 levels left

rFire   . . .      SeeInvis .   a - +0 mace
rCold   . . .      Faith    .   (no shield)
rNeg    . . .      Spirit   .   f - +0 chain mail
rPois   .          Reflect  .   (helmet restricted)
rElec   .          Harm     .   (no cloak)
rCorr   .          Rampage  .   (no gloves)
Will    .....                   (no boots)
Stlth   ..........              (no amulet)
HPRegen 0.15/turn               (no ring)
MPRegen 0.09/turn               (no ring)

@: about to teleport, flying
A: horns 2, retaliatory headbutt
a: Renounce Religion, Potion Petition, Call Merchant, Bribe Branch


You were on level 3 of the Dungeon.
You worshipped Gozag.
Gozag was pleased with you.
You visited 1 branch of the dungeon, and saw 4 of its levels.

You collected 501 gold pieces.

Inventory:

Hand Weapons
 a - a +0 mace (weapon)
Armour
 b - a +0 robe
 f - a +0 chain mail (worn)
 h - a +0 ring mail
 j - a +0 scale mail
Wands
 g - a wand of flame (21)
Scrolls
 k - a scroll of summoning {unknown}
Potions
 c - a potion of might
 d - a potion of flight
 i - a potion of curing {unknown}


   Skills:
 - Level 3.6 Fighting
 + Level 8.0 Maces & Flails
 - Level 3.2 Dodging
 - Level 1.5 Stealth


You had 4 spell levels left.
You didn't know any spells.
Your spell library contained the following spells:

 Spells                   Type           Power      Damage    Failure   Level
 Summon Lightning Spire   Summ/Air       0%         N/A       100%        4
 Storm Form               Tmut/Air       0%         N/A       100%        7
 Maxwell's Capacitive Co  Air            0%         ∞         100%        8


Dungeon Overview and Level Annotations

Branches:
Dungeon (4/15)
 Temple: D:4-7

Altars:
Gozag

Annotations:
D:3 1 runed translucent door, snaxamus's ghost, novice MiFi


Innate Abilities, Weirdness & Mutations

You have a pair of horns on your head.
You reflexively headbutt those who attack you in melee.


Message History

The scorpion poisons you!
You hit the scorpion.
You kill the scorpion!
You feel sick. The hound skeleton barely misses you. You furiously retaliate!
You headbutt the hound skeleton! The orc closely misses you.
The hound skeleton bites you but does no damage.
The kobold hits you with a +0 dagger.
Your Maces & Flails skill increases to level 8!
You are too injured to fight recklessly!
Unknown command.
You are too injured to fight recklessly!
You are too injured to fight recklessly!
You feel sick. The hound skeleton misses you.
You feel sick. The orc hits you but does no damage.
There is a stone staircase leading down here.
You feel sick.
There is a stone staircase leading up here.
You feel sick. The hound skeleton bites you. x2
The orc hits you with a +4 hand axe.
* * * LOW HITPOINT WARNING * * *
You climb upwards.
Level annotation: 1 runed translucent door, snaxamus's ghost, novice MiFi You feel sick.
There is a stone staircase leading down here.
It was a potion of flight.
You feel very buoyant.
You fly up into the air.
You feel sick.
You are no longer poisoned.
The orc hits you with a +4 hand axe.
* * * LOW HITPOINT WARNING * * *
Aiming: Throw Flame
Press: ? - help, Shift-Dir - straight line, f - orc
Aim: an orc, wielding a +4 hand axe and wearing a +0 scale mail (72% to hit)
The puff of flame hits the orc but does no damage.
Unknown command.
Okay, then.
As you read the scroll of teleportation, it crumbles to dust.
You feel strangely unstable. The orc hits you with a +4 hand axe.
You die...
Your body crumbles into a pile of gold.

#............#
#.#####.##
#.##########.# #.#
#.# #.# #[# #># #.#
#<##########.# #.#
#.# ...#.......#.#
#.#####.#
...#.#####.#.#
#.#.....# ...#.#
#.#.# #.#.#####
...#.# #.#.# #o#.#
...#.# #.#.# #@#.#
...#.# #.#.# #.#.#
..>#.# #.#.#####.#
.....#####.#.......#
.#.........#########
.###############
...............#
##############.# #
#######.#


You could see an orc.

Vanquished Creatures
  An ice beast (D:3)
  A scorpion (D:4)
  2 adders (D:2)
  2 worms
  An orc (D:3)
  5 bats
  5 endoplasms
  A giant cockroach (D:3)
  5 hobgoblins
  11 jackals
  5 quokkas
  2 ball pythons (D:1)
  6 frilled lizards
  4 goblins
  3 kobolds (D:1)
  12 rats
66 creatures vanquished.

Notes
Turn   | Place    | Note
-------+----------+-------------------------------------------
     0 | D:1      | RighteousDevil the Minotaur Monk began the quest for the
                  | Orb.
     0 | D:1      | Reached XP level 1. HP: 19/19 MP: 0/0
   213 | D:1      | Reached skill level 4 in Maces & Flails
   361 | D:1      | Reached XP level 2. HP: 12/26 MP: 1/1
   542 | D:1      | Found a faded altar of an unknown god.
   571 | D:1      | Prayed at the altar of an unknown god.
   571 | D:1      | Became a worshipper of Gozag Ym Sagoz the Greedy
  1029 | D:1      | Reached skill level 5 in Maces & Flails
  1176 | D:1      | Reached XP level 3. HP: 31/31 MP: 2/2
  2188 | D:2      | Reached skill level 6 in Maces & Flails
  2188 | D:2      | Reached XP level 4. HP: 39/39 MP: 3/3
  2219 | D:2      | You fall into a shaft and drop 1 floor!
  2278 | D:3      | Found a runed translucent door.
  2278 | D:3      | Noticed snaxamus's ghost (novice MiFi)
  2868 | D:3      | Noticed an ice beast
  2880 | D:3      | Killed an ice beast
  2881 | D:3      | Reached skill level 7 in Maces & Flails
  2881 | D:3      | Reached XP level 5. HP: 35/45 MP: 4/4
  3493 | D:4      | Reached skill level 8 in Maces & Flails
  3506 | D:3      | Slain by an orc

Illustrated notes

Levels and vault maps discovered:
D:1:      denvon_arrival_hothouse, layout_basic,
          ebering_ecumenical_altar_petrified, minmay_rat_gold_closets
D:2:      layout_basic
D:3:      layout_basic, gammafunk_ghost_grave
D:4:      layout_basic

Skill      XL: |  1  2  3  4  5 |
---------------+----------------+-----
Maces & Flails | 4 5 6 7 8 |  8.0
Fighting       | |  3.6
Dodging        | |  3.2
Stealth        | |  1.5

Action                   |  1- 3 |  4- 6 || total
-------------------------+-------+-------++-------
Melee: Mace              |    98 |    42 ||   140
       Headbutt          |    17 |     8 ||    25
Evoke: Wand              |       |     1 ||     1
  Use: Scroll            |     3 |     2 ||     5
       Potion            |       |     1 ||     1
 Stab: Sleeping          |     7 |       ||     7
Armor: Robe              |     9 |       ||     9
       Chain mail        |    14 |    18 ||    32
       Ring mail         |     6 |       ||     6
Dodge: Dodged            |    49 |    23 ||    72
